cohdb
Replays
Latest Replays
All Replays
Popular Replays
Top Player Replays
Match Explorer
How It Works
Community
CoH3 Stats
Reddit
Sign in to upload your games and track your stats! →
Sign in with Steam
Match 42887774
Unlisted
Match 42887774
Overview
Messages
Build Orders
End
Construct Infanterie Kompanie
Pioneer Squad
Grenadier Squad
Grenadier Squad
MG 42 Machine Gun Team
Construct Panzergrenadier Kompanie
Panzergrenadier Squad
Pak 40 Anti-tank Gun Team
Construct Panzer Kompanie
Medical Bunker
Stoßtruppen Squad
251 Medium Carrier
Panzer IV Medium Tank
Selects Breakthrough Battlegroup
Selects 2.5-tonne Cargo Truck
Selects Blitzkrieg
Selects Assault Grenadiers
Pak 40 Anti-tank Gun Team
Pak 40 Anti-tank Gun Team
Panzer IV Medium Tank
Stoßtruppen Squad
Selects Tiger Heavy Tank
Pak 40 Anti-tank Gun Team
Pak 40 Anti-tank Gun Team
Pioneer Squad
Mark29
TinyDestroyer
BUBBA_ACTUAL
JollyRedRockett
0
0
Comments
sign in to comment!
No comments posted yet!